 Dungeon Crawl Stone Soup version 0.27.1 (webtiles) character file.

Game seed: 17080550096759537875

56 chaosape the Covered (level 3, 0/31 HPs)
             Began as a Gnoll Wanderer on Aug 23, 2021.
             Was an Initiate of Yredelemnul.
             Splashed by a jelly's acid (8 damage)
             ... created by Jiyva
             ... on level 2 of the Dungeon.
             The game lasted 00:14:23 (1357 turns).

chaosape the Covered (Gnoll Wanderer)               Turns: 1357, Time: 00:14:28

Health: 0/31       AC:  6    Str: 13    XL:     3   Next: 97%
Magic:  4/4        EV: 11    Int: 11    God:    Yredelemnul [......]
Gold:   33         SH:  0    Dex: 10    Spells: 4/4 levels left

rFire    . . .     SeeInvis .   a - +2 shortbow
rCold    . . .     Faith    .   (shield currently unavailable)
rNeg     . . .     Spirit   .   d - +0 ring mail
rPois    .         Reflect  .   (no helmet)
rElec    .         Harm     .   (no cloak)
rCorr    .         Rampage  .   (no gloves)
Will     .....                  (no boots)
Stlth    +.........             (no amulet)
HPRegen  0.10/turn              (no ring)
MPRegen  0.09/turn              (no ring)

@: no status effects
A: fangs 1, strong nose, distributed training
a: Renounce Religion


You were on level 2 of the Dungeon.
You worshipped Yredelemnul.
Yredelemnul was noncommittal.
You visited 1 branch of the dungeon, and saw 2 of its levels.

You collected 33 gold pieces.

Inventory:

Hand Weapons
 a - a +2 shortbow (weapon)
 g - a +0 club
 i - a +0 whip
Missiles
 b - 28 arrows (quivered ammo)
 m - 11 poisoned darts
 n - 25 bolts
Armour
 d - a +0 ring mail (worn)
 j - a +0 leather armour
 l - a +0 ring mail
Scrolls
 e - 2 scrolls of identify
 f - a scroll of enchant weapon
 h - a scroll of amnesia
Potions
 c - a potion of curing
 k - a potion of ambrosia {unknown}


   Skills:
 + Level 4.6 Fighting
 + Level 1.0 Short Blades
 + Level 1.0 Long Blades
 + Level 1.0 Axes
 + Level 1.0 Maces & Flails
 + Level 1.0 Polearms
 + Level 1.0 Staves
 + Level 1.0 Slings
 + Level 2.7 Bows
 + Level 1.0 Crossbows
 + Level 2.7 Throwing
 + Level 6.5 Armour
 + Level 2.7 Dodging
 + Level 1.0 Stealth
 + Level 1.0 Shields
 + Level 2.7 Unarmed Combat
 + Level 1.0 Spellcasting
 + Level 0.7 Conjurations
 + Level 0.7 Hexes
 + Level 0.7 Summonings
 + Level 0.7 Necromancy
 + Level 0.7 Translocations
 + Level 0.7 Transmutations
 + Level 0.7 Fire Magic
 + Level 0.7 Ice Magic
 + Level 0.7 Air Magic
 + Level 0.7 Earth Magic
 + Level 0.7 Poison Magic
 + Level 1.1 Invocations
 + Level 2.7 Evocations


You had 4 spell levels left.
You didn't know any spells.
Your spell library was empty.

Dungeon Overview and Level Annotations

Branches:
Dungeon (2/15)

Altars:
Yredelemnul
Jiyva


Innate Abilities, Weirdness & Mutations

You have very sharp teeth.
Your uncanny sense of smell can sniff out nearby items.
Your experience applies equally to all skills.


Message History

Your Spellcasting skill increases to level 1!
Your Invocations skill increases to level 1!
Unknown command.
b - 29 arrows (gained 1)
You hear a series of splatters.
You hear a slurping noise.
Found a basalt altar of Yredelemnul.
Found a stone staircase leading down.
There is a basalt altar of Yredelemnul here.
You kneel at the altar of Yredelemnul.
You have lost your religion!
Jiyva does not appreciate desertion!
All of your fellow slimes turn on you.
The endoplasm quivers.
The jelly quivers. x4
Yredelemnul welcomes you! The jelly misses you. The jelly barely misses you.
The jelly hits you but does no damage. The jelly barely misses you.
The jelly closely misses you. The jelly hits you but does no damage.
Fire: 29 arrows
Press: ? - help, Q - select action, (/) - cycle Shift-Dir - straight line, f - jelly
Aim: a jelly (90% to hit)
You shoot an arrow. The arrow hits the jelly!
The jelly is heavily wounded.
The jelly hits you.
You are splashed with acid!
Okay, then.
As you read the scroll labelled NASTIECKUA, it crumbles to dust.
It is a scroll of identify.
f - a scroll of enchant weapon The jelly hits you.
You are splashed with acid!
* * * LOW HITPOINT WARNING * * *
You feel better. The jelly barely misses you.
As you read the scroll of identify, it crumbles to dust.
h - a scroll of amnesia The jelly hits you.
* * * LOW HITPOINT WARNING * * *
You are splashed with acid!
You die...
Your body rises from the dead as a mindless zombie.

##### ########## #########....
#........# #<...........
#####........# #########....
.............################....
............JJJJ@................
._..........J#####.....####......
.............# #.....# #....##
.............# #.....# #....#
.............# #.....# #....#
.......####### ####### #....#
.......# ####....## >.......#
#...J..... .#######.. #......###


You could see 4 jellies and an endoplasm.

Vanquished Creatures
  Natasha (D:2)
  3 dart slugs (D:1)
  4 ball pythons (D:1)
  2 bats (D:1)
  3 endoplasms (D:1)
  3 giant cockroaches
  A goblin (D:1)
  2 hobgoblins (D:1)
  A frilled lizard (D:1)
  5 rats (D:1)
25 creatures vanquished.

Vanquished Creatures (others)
  Natasha (D:2)
  An adder (D:2)
  A worm (D:2)
  A jackal (D:2)
  A kobold (D:2)
  A quokka (D:2)
  3 rats (D:2)
  7 fungi
  2 plants (D:1)
18 creatures vanquished.

Grand Total: 43 creatures vanquished

Notes
Turn   | Place    | Note
-------+----------+-------------------------------------------
     0 | D:1      | chaosape the Gnoll Wanderer began the quest for the Orb.
     0 | D:1      | chaosape set off with the following items: a +2 shortbow,
                  | 23 arrows, a potion of curing, a +0 ring mail
     0 | D:1      | Reached XP level 1. HP: 20/20 MP: 1/1
   185 | D:1      | Reached XP level 2. HP: 22/26 MP: 2/2
   625 | D:1      | Reached XP level 3. HP: 31/31 MP: 3/3
   736 | D:1      | Found a faded altar of an unknown god.
   743 | D:1      | Became a worshipper of Jiyva Jomnur the Shapeless
   743 | D:1      | Reached * piety under Jiyva
  1234 | D:2      | Noticed Natasha
  1237 | D:2      | Killed Natasha
  1258 | D:2      | Noticed Natasha
  1266 | D:2      | Killed Natasha
  1267 | D:2      | Reached skill level 1 in Short Blades
  1267 | D:2      | Reached skill level 1 in Long Blades
  1267 | D:2      | Reached skill level 1 in Axes
  1267 | D:2      | Reached skill level 1 in Maces & Flails
  1267 | D:2      | Reached skill level 1 in Polearms
  1267 | D:2      | Reached skill level 1 in Staves
  1267 | D:2      | Reached skill level 1 in Slings
  1267 | D:2      | Reached skill level 1 in Crossbows
  1267 | D:2      | Reached skill level 1 in Stealth
  1267 | D:2      | Reached skill level 1 in Shields
  1267 | D:2      | Reached skill level 1 in Spellcasting
  1267 | D:2      | Reached skill level 1 in Invocations
  1327 | D:2      | Found a basalt altar of Yredelemnul.
  1336 | D:2      | Fell from the grace of Jiyva
  1336 | D:2      | Became a worshipper of Yredelemnul the Dark
  1357 | D:2      | Splashed by a jelly's acid

Illustrated notes

Levels and vault maps discovered:
D:1:      ncdulo_watergridlock, layout_basic,
          shapermc_ecumenical_altar_mp_ritualfount
D:2:      layout_basic, basic_altar, minmay_misc_feat_square,
          kennysheep_cluttered_room, uniq_crazy_yiuf_cottage, uniq_natasha

Skill      XL: |  1  2  3 |
---------------+----------+-----
Short Blades   | 1 |  1.0
Long Blades    | 1 |  1.0
Axes           | 1 |  1.0
Maces & Flails | 1 |  1.0
Polearms       | 1 |  1.0
Staves         | 1 |  1.0
Slings         | 1 |  1.0
Crossbows      | 1 |  1.0
Stealth        | 1 |  1.0
Shields        | 1 |  1.0
Spellcasting   | 1 |  1.0
Invocations    | 1 |  1.1
Fighting       | |  4.6
Bows           | |  2.7
Throwing       | |  2.7
Armour         | |  6.5
Dodging        | |  2.7
Unarmed Combat | |  2.7
Conjurations   | |  0.7
Hexes          | |  0.7
Summonings     | |  0.7
Necromancy     | |  0.7
Translocations | |  0.7
Transmutations | |  0.7
Fire Magic     | |  0.7
Ice Magic      | |  0.7
Air Magic      | |  0.7
Earth Magic    | |  0.7
Poison Magic   | |  0.7
Evocations     | |  2.7

Action                   || total
-------------------------++-------
Melee: Club              ||     4
 Fire: Shortbow          ||    73
  Use: Scroll            ||     2
       Potion            ||     1
Armor: Ring mail         ||    35
Dodge: Dodged            ||    40
